 Dungeon Crawl Stone Soup version 0.18.1-48-g4cf74bf (webtiles) character file.

80 Doomgape the Digger (level 4, -6/33 HPs)
             Began as a Ghoul Earth Elementalist on July 4, 2016.
             Mangled by a worker ant (7 damage)
             ... on level 2 of the Dungeon.
             The game lasted 00:09:41 (2043 turns).

Doomgape the Digger (Ghoul Earth Elementalist)      Turns: 2043, Time: 00:09:42

Health: -6/33      AC:  3    Str: 11    XL:     4   Next: 39%
Magic:  2/5        EV: 12    Int: 11    God:
Gold:   170        SH:  0    Dex:  9    Spells: 2 memorised, 2 levels left

rFire  + . .     SeeInvis .     (no weapon)
rCold  + . .     Gourm    .     a - +0 robe
rNeg   + + +     Faith    .     (no shield)
rPois  ∞         Spirit   .     (no helmet)
rElec  .         Dismiss  .     (no cloak)
rCorr  .         Reflect  .     (no gloves)
SustAt .         Harm     .     j - +0 pair of boots
MR     .....                    (no amulet)
Stlth  ++........               (no ring)
                                f - ring of protection from fire

@: rotting, not resistant to hostile enchantments, unstealthy
A: rotting body, claws 1, carnivore 3, cold resistance 1, negative energy
resistance 3, slow regeneration 1, torment resistance, unbreathing
a: no special abilities


You were on level 2 of the Dungeon.
You were not hungry.

You visited 1 branch of the dungeon, and saw 3 of its levels.

You collected 170 gold pieces.

Inventory:

Missiles
 b - 143 stones (quivered)
Armour
 a - a +0 robe (worn)
 j - a +0 pair of boots (worn)
Jewellery
 f - a ring of protection from fire (left claw)
Wands
 o - a wand of acid (13/15)
Scrolls
 i - 2 scrolls of identify
 k - 4 scrolls of amnesia {unknown}
Potions
 e - 2 potions of heal wounds
 m - 2 potions of curing {unknown}
 n - a potion of brilliance {unknown}
Books
 c - a book of Geomancy

   Spells                             Type                      Level
   a - Sandblast                      Earth                        1
   b - Passwall                       Transmutation/Earth          2
   c - Stone Arrow                    Conjuration/Earth            3
   d - Petrify                        Transmutation/Earth          4
   e - Lee's Rapid Deconstruction     Earth                        5
Comestibles
 d - a meat ration


   Skills:
 - Level 1.7 Dodging
 - Level 2.1 Stealth
 - Level 1.7 Spellcasting
   Level 0.8 Transmutations
 + Level 5.5 Earth Magic


You had 2 spell levels left.
You knew the following spells:

 Your Spells              Type           Power        Failure   Level  Hunger
a - Sandblast             Erth           ##....       2%          1    ##.....
b - Stone Arrow           Conj/Erth      #.....       30%         3    ####...


Dungeon Overview and Level Annotations

Branches:
Dungeon (3/15)

Altars:
Pakellas
Ru


Innate Abilities, Weirdness & Mutations

Your body is rotting away.
You thrive on raw meat.
You are immune to poison.
You have sharp fingernails.
You are carnivorous and can eat meat at any time.
Your flesh is cold resistant.
You are immune to negative energy.
You regenerate slowly when monsters are visible.
You are immune to unholy pain and torment.
You can survive without breathing.


Message History

* * * LOW HITPOINT WARNING * * *
The bat closely misses you. The worker ant bites you.
* * * LOW HITPOINT WARNING * * *
The bat hits you but does no damage. The bat misses you.
The bat closely misses you.
There is an escape hatch in the ceiling here.
The bat hits you but does no damage. The worker ant bites you.
* * * LOW HITPOINT WARNING * * *
The hobgoblin barely misses you. A mysterious force pulls you upwards.
The hatch slams shut behind you.
Unknown command.
The worker ant barely misses you.
The hobgoblin hits you but does no damage.
The worker ant closely misses you. The worker ant barely misses you.
The worker ant bites you.
* * * LOW HITPOINT WARNING * * *
The worker ant bites you!
You die...

####.#.####.# #.# #.#
####.#.# #.# #.#####.#
.....#<# #.###
#.......# ####...#
#.#.## #..###### #.###
#..#.# #..# #.# ###.##
#..# ####.## ##.##
#..#
......######...####..#
####............@ag..#
.###.#######...####.##
#.......†.....#####.#
##.#########.)...÷>.#
#....######.########
##.##........#
#.############ .## ##


You could see a worker ant and a hobgoblin.

Vanquished Creatures
  2 adders (D:2)
  An ooze (D:1)
  4 dart slugs
  A giant gecko (D:1)
  4 giant cockroaches
  7 goblins
  4 hobgoblins (D:1)
  7 kobolds
  5 bats
  5 giant newts
  10 rats
50 creatures vanquished.

Notes
Turn   | Place    | Note
--------------------------------------------------------------
     0 | D:1      | Doomgape the Ghoul Earth Elementalist began the quest for the Orb.
     0 | D:1      | Reached XP level 1. HP: 14/14 MP: 2/2
   165 | D:1      | Reached XP level 2. HP: 17/19 MP: 3/3
   174 | D:1      | Reached skill level 4 in Earth Magic
   616 | D:1      | Reached XP level 3. HP: 12/26 MP: 0/4
  1023 | D:1      | Learned a level 3 spell: Stone Arrow
  1344 | D:2      | Reached skill level 5 in Earth Magic
  1400 | D:2      | Found an oddly glowing altar of Pakellas.
  1453 | D:2      | Found a sacrificial altar of Ru.
  1493 | D:2      | Reached XP level 4. HP: 29/33 MP: 0/5
  2025 | D:3      | HP: 1/33 [worker ant (4)]
  2039 | D:2      | HP: 1/33 [worker ant (1)]
  2043 | D:2      | Mangled by a worker ant

Skill      XL: |  1  2  3 |
---------------+----------+-----
Earth Magic    | 4 5 |  5.5
Dodging        | |  1.7
Stealth        | |  2.1
Spellcasting   | |  1.7
Transmutations | |  0.8

Action                   |  1- 3 |  4- 6 || total
-------------------------+-------+-------++-------
Melee: Unarmed           |   100 |    38 ||   138
 Cast: Sandblast         |    37 |    24 ||    61
  Use: Scroll            |       |     4 ||     4
 Stab: Sleeping          |       |     1 ||     1
  Eat: Chunk             |    15 |     6 ||    21
Armor: Robe              |    19 |    25 ||    44
Dodge: Dodged            |    75 |    56 ||   131
